 Dungeon Crawl Stone Soup version 0.16.2-2-g470672f (webtiles) character file.

91 monobi the Insei (level 4, 0/33 HPs)
             Began as an Octopode Monk on Sept 3, 2015.
             Killed by divine providence
             ... invoked by an orc priest
              (9 damage)
             ... on level 3 of the Dungeon.
             The game lasted 00:03:22 (1633 turns).

monobi the Insei (Octopode Monk)                    Turns: 1633, Time: 00:03:23

Health: 0/33       AC:  1    Str: 10    XL:     4   Next: 59%
Magic:  4/4        EV: 13    Int: 12    God:
Gold:   130        SH:  0    Dex: 15    Spells: 0 memorised, 3 levels left

rFire  + . .     SeeInvis .       - Unarmed
rCold  x . .     Clarity  .     (no shield)
rNeg   . . .     SustAb   .     (helmet restricted)
rPois  .         Gourm    .     (no amulet)
rElec  .         Spirit   .     m - ring of fire
rCorr  .         Warding  .     (no ring)
rMut   .         Stasis   .     (no ring)
MR     .....                    (no ring)
Stlth  ++++......               (no ring)
                                (no ring)
                                (no ring)
                                (no ring)

@: not resistant to hostile enchantments, stealthy
A: almost no armour, amphibious, 8 rings, constrict 8, camouflage 1, gelatinous
body 1
a: no special abilities


You were on level 3 of the Dungeon.
You were hungry.

You visited 1 branch of the dungeon, and saw 3 of its levels.

You collected 130 gold pieces.

Inventory:

Hand weapons
 l - a +1 trident
 n - a +3 mace of holy wrath
Jewellery
 m - a ring of fire (left tentacle)
 p - a +6 ring of intelligence {unknown}
Scrolls
 d - a scroll of remove curse
 i - 2 scrolls of identify
 j - 2 scrolls of enchant weapon
 o - a scroll of recharging {unknown}
 q - a scroll of enchant armour {unknown}
Potions
 c - a potion of haste {unknown}
 e - a potion of restore abilities {unknown}
 h - a potion of ambrosia {unknown}
 k - a potion of might {unknown}
Miscellaneous
 g - a plain deck of changes {the Blade}
Comestibles
 a - a royal jelly
 b - 2 bread rations
 f - 2 meat rations


   Skills:
 + Level 3.7 Fighting
 + Level 3.2 Dodging
 + Level 4.2 Stealth
 + Level 4.6 Unarmed Combat


You had 3 spell levels left.
You didn't know any spells.

Dungeon Overview and Level Annotations

Branches:
Dungeon (3/15)

Altars:
Nemelex Xobeh


Innate Abilities, Weirdness & Mutations

You cannot wear most types of armour.
You are amphibious.
You can wear up to eight rings at the same time.
You can use your tentacles to constrict many enemies at once.
Your skin changes colour to match your surroundings (Stealth).
Your rubbery body absorbs attacks (AC +1).


Message History

The orc priest is lightly wounded.
You constrict the orc priest, but do no damage.
The orc hits you with a flail!
* * * LOW HITPOINT WARNING * * *
The orc priest barely misses you.
There are monsters nearby!
There are monsters nearby!
There are monsters nearby!
There are monsters nearby!
You are too injured to fight recklessly!
You are too injured to fight recklessly!
You are too injured to fight recklessly!
There are monsters nearby!
There are monsters nearby!
You are too injured to fight recklessly!
There are monsters nearby!
You release your grip on the orc priest.
The orc priest calls down the wrath of Beogh upon you.
Something smites you!
You die...

#..# #..######+# #
#..........
##.###...........
........oo).....$.
#.......o##'######
########r#
######### #.#
#.......# . #@#
#.......# ... #.#
+.......# #.. #.#
#.......# .. #.#
#.......# #. #.#
#.......# #. #.#
#.......# ### #.#
#.......###<#
#########'##
#.......##...
#..........#
#.......'...#


You could see an orc priest, 2 orcs and a rat.

Vanquished Creatures
  5 adders
  A giant mite (D:2)
  A worm (D:2)
  A giant gecko (D:2)
  An ooze (D:2)
  An orc (D:3)
  6 bats
  5 goblins
  4 hobgoblins
  3 quokkas
  3 giant newts
  4 kobolds
  5 rats
40 creatures vanquished.

Notes
Turn   | Place    | Note
--------------------------------------------------------------
     0 | D:1      | monobi, the Octopode Monk, began the quest for the Orb.
     0 | D:1      | Reached XP level 1. HP: 16/16 MP: 1/1
   248 | D:1      | Reached XP level 2. HP: 21/21 MP: 2/2
   346 | D:1      | Found a sparkling altar of Nemelex Xobeh.
   739 | D:2      | Reached XP level 3. HP: 16/26 MP: 3/3
   909 | D:2      | Reached XP level 4. HP: 32/32 MP: 4/4
  1633 | D:3      | Killed from afar by an orc priest

Action                   |  1- 3 |  4- 6 || total
-------------------------+-------+-------++-------
Melee: Unarmed           |    47 |    39 ||    86
  Use: Scroll            |     2 |     3 ||     5
 Stab: Sleeping          |    12 |     5 ||    17
  Eat: Pizza             |       |     1 ||     1
